 Dungeon Crawl Stone Soup version 0.21.1-1-g345015f (webtiles) character file.

454 Fang the Skirmisher (level 7, 0/44 HPs)
             Began as a Gargoyle Berserker on May 3, 2018.
             Was a Priest of Trog.
             Killed from afar by an orc wizard (4 damage)
             ... with a magic dart
             ... on level 4 of the Dungeon.
             The game lasted 00:05:40 (2590 turns).

Fang the Skirmisher (Gargoyle Berserker)            Turns: 2590, Time: 00:05:41

Health: 0/44       AC:  8    Str: 23    XL:     7   Next: 5%
Magic:  7/7        EV: 14    Int:  7    God:    Trog [***...]
Gold:   163        SH:  0    Dex:  9    Spells: 6/6 levels left

rFire    . . .     SeeInvis .   p - +1 mace (holy)
rCold    . . .     Gourm    .   (no shield)
rNeg     + . .     Faith    .   b - +0 animal skin
rPois    ∞         Spirit   .   t - +1 hat
rElec    +         Reflect  .   (no cloak)
rCorr    +         Harm     .   (no gloves)
MR       .....                  (no boots)
Stlth    +.........             (no amulet)
HPRegen  0.14/turn              h - ring of resist corrosion
MPRegen  0.10/turn              g - +1 ring of evasion

@: no status effects
A: negative energy resistance 1, electricity resistance, unbreathing,
petrification resistance, rot immunity, AC +4
a: Berserk, Trog's Hand, Burn Spellbooks, Renounce Religion


You were on level 4 of the Dungeon.
You worshipped Trog.
Trog was most pleased with you.
You were hungry.

You visited 1 branch of the dungeon, and saw 4 of its levels.

You collected 163 gold pieces.

Inventory:

Hand Weapons
 a - a +0 hand axe
 p - a +1 mace of holy wrath (weapon)
Armour
 b - a +0 animal skin (worn)
 t - a +1 hat (worn)
Jewellery
 g - a +1 ring of evasion (right hand)
 h - a ring of resist corrosion (left hand)
Scrolls
 d - a scroll of teleportation
 f - 2 scrolls of magic mapping
Potions
 e - 2 potions of curing
 k - a potion of mutation
 l - a potion of haste
 o - 2 potions of berserk rage {unknown}
Comestibles
 c - 4 rations


   Skills:
 + Level 4.7 Fighting
 + Level 4.6(4.9) Axes
 + Level 2.5(4.1) Maces & Flails
 + Level 2.3 Armour
 + Level 3.2 Dodging
 + Level 1.0 Stealth


You had 6 spell levels left.
You didn't know any spells.

Dungeon Overview and Level Annotations

Branches:
Dungeon (4/15)
 Temple: D:4-7

Altars:


Innate Abilities, Weirdness & Mutations

You are resistant to torment.
Your stone body is resilient. (AC +4)
You are immune to poison.
You resist negative energy. (rN+)
You are resistant to electric shocks. (rElec)
You can survive without breathing.
You are immune to petrification.
You are immune to rotting.


Message History

You hit the orc wizard.
The orc wizard is moderately wounded.
You recover from your berserk rage.
The orc wizard hits you with a dagger.
* * * LOW HITPOINT WARNING * * *
The orc wizard mumbles some strange words.
The orc wizard blinks!
The orc wizard points at you and mumbles some strange words.
The magic dart hits you!
* * * LOW HITPOINT WARNING * * *
Things that are here:
a flail of protection; a ring mail; an orc corpse The orc wizard closely misses you.
You hit the orc wizard.
The orc wizard is moderately wounded.
The orc wizard casts a spell.
The orc wizard blinks!
The orc wizard casts a spell at you. The magic dart hits you!
You die...

#. #. #..# #.#.#......
#.. ##. #..# #.#.#......
#...+.. #..###.#.#......
#...##.##........+..[...
...#...........#...... #
#.................... .
#....................
##.#...@..!.(...........
#..#..........#.........
.#......o..(##.#.....#+#.
....#.......##.....##....
..........(.##......+....
.......)))..##.....<#....
.?.......................
#.#.#.......(.......†...#
#.....................#


You could see an orc wizard.

Vanquished Creatures
  The ghost of Scar the Shield-Bearer, an amateur HuFi of Ru (D:3)
  A hound (D:4)
  3 orc wizards
  Jessica (D:2)
  9 adders
  2 worms (D:2)
  2 dart slugs
  3 leopard geckos
  10 orcs
  3 giant cockroaches
  9 goblins
  7 hobgoblins
  4 jackals (D:2)
  10 kobolds
  2 quokkas
  3 ball pythons
  9 bats
  4 frilled lizards
  A quokka skeleton (D:4)
  9 rats
93 creatures vanquished.

Notes
Turn   | Place    | Note
-------+----------+-------------------------------------------
     0 | D:1      | Fang the Gargoyle Berserker began the quest for the Orb.
     0 | D:1      | Reached XP level 1. HP: 14/14 MP: 1/1
    89 | D:1      | Reached XP level 2. HP: 19/19 MP: 2/2
   600 | D:1      | Reached XP level 3. HP: 23/24 MP: 3/3
  1133 | D:2      | Reached ** piety under Trog
  1133 | D:2      | Reached XP level 4. HP: 26/29 MP: 4/4
  1658 | D:2      | Noticed Jessica
  1663 | D:2      | Killed Jessica
  1663 | D:2      | Reached XP level 5. HP: 33/33 MP: 5/5
  2032 | D:3      | Reached *** piety under Trog
  2211 | D:3      | Noticed Scar's ghost (amateur HuFi)
  2216 | D:3      | Killed Scar's ghost
  2216 | D:3      | Reached skill level 1 in Maces & Flails
  2216 | D:3      | Reached XP level 6. HP: 16/39 MP: 6/6
  2564 | D:4      | Reached skill level 1 in Stealth
  2564 | D:4      | Reached XP level 7. HP: 18/44 MP: 7/7
  2590 | D:4      | Killed from afar by an orc wizard

Skill      XL: |  1  2  3  4  5  6 |
---------------+-------------------+-----
Axes           | 3 4 |  4.6
Dodging        | 2 3 |  3.2
Fighting       | 4 |  4.7
Maces & Flails | 1 2 |  2.5
Stealth        | 1 |  1.0
Armour         | |  2.3

Action                   |  1- 3 |  4- 6 |  7- 9 || total
-------------------------+-------+-------+-------++-------
Melee: Hand axe          |   111 |    89 |       ||   200
       Mace              |       |   100 |    15 ||   115
Invok: Berserk           |       |     3 |       ||     3
       Burn Spellbooks   |       |     1 |       ||     1
  Use: Scroll            |       |     9 |       ||     9
       Potion            |       |       |     1 ||     1
  Eat: Chunk             |     1 |     7 |       ||     8
Armor: Animal skin       |    49 |    94 |    17 ||   160
Dodge: Dodged            |   107 |   183 |    39 ||   329
